MLB
CHICAGO WHITE SOX @ SEATTLE MARINERS
08/23/2020
 
TOP OF THE 1ST
Chicago White Sox batting - Pitching for Seattle Mariners : RHP Luis M. Castillo
Pitching: RHP Luis M. Castillo
Batting: LHB Zack Granite 0-0: Ground out U3 (Groundball, 3L, EV 96.3 MPH)
Batting: LHB Andrew Toles 0-0: Ball
1-0: Foul Ball, location: 2F
1-1: Ball
2-1: Swinging Strike
2-2: Strikes out swinging
Batting: LHB Jason Heyward 0-0: Ball
1-0: Foul Ball, location: 2F
1-1: Foul Ball, location: 2F
1-2: Ball
2-2: Ground out U3 (Groundball, 34, EV 108.1 MPH)
Top of the 1st over - 0 runs, 0 hits, 0 errors, 0 left on base; Chicago 0 - Seattle 0
BOTTOM OF THE 1ST
Seattle Mariners batting - Pitching for Chicago White Sox : RHP Brad Peacock
Pitching: RHP Brad Peacock
Batting: RHB Elvis Andrus 0-0: Called Strike
0-1: Ball
1-1: Swinging Strike
1-2: Ball
2-2: Strikes out swinging
Batting: LHB Joey Votto 0-0: Called Strike
0-1: Ball
1-1: Ball
2-1: Ball
3-1: Base on Balls
Batting: RHB Mookie Betts 0-0: SINGLE (Flyball, 4D, EV 88.8 MPH)
Joey Votto to second
Batting: RHB Manny Machado 0-0: Foul Ball, location: 2F
0-1: SINGLE (Groundball, 56D, EV 95.6 MPH)
Joey Votto to third
Mookie Betts to second
Runner from 3rd tries for Home, throw by LF and OUT! 7-2
Batting: RHB Mitch Haniger 0-0: Ball
1-0: Ball
2-0: Ball
3-0: Base on Balls
Mookie Betts to third
Manny Machado to second
Batting: RHB Brian Dozier 0-0: Swinging Strike
0-1: Swinging Strike
0-2: Strikes out swinging
Bottom of the 1st over - 0 runs, 2 hits, 0 errors, 3 left on base; Chicago 0 - Seattle 0
TOP OF THE 2ND
Chicago White Sox batting - Pitching for Seattle Mariners : RHP Luis M. Castillo
Batting: RHB Drew Jackson 0-0: Ball
1-0: Ball
2-0: Ground out 3-1 (Groundball, 34, EV 103.8 MPH)
Batting: LHB Nick Gordon 0-0: Ball
1-0: Foul Ball, location: 2F
1-1: Foul Ball, location: 2F
1-2: Ball
2-2: Foul Ball, location: 2F
2-2: Fly out, F7 (Flyball, 78D, EV 100.6 MPH)
Batting: LHB Charlie Tilson 0-0: Ball
1-0: Ball
2-0: Foul Ball, location: 2F
2-1: Foul Ball, location: 2F
2-2: Foul Ball, location: 2F
2-2: Foul Ball, location: 2F
2-2: Ball
3-2: Base on Balls
Batting: RHB Wilfredo Tovar 0-0: Ball
1-0: Called Strike
1-1: Foul Ball, location: 2F
1-2: Foul Ball, location: 2F
1-2: SINGLE (Groundball, 3D, EV 98.8 MPH)
Charlie Tilson to second
Runner from 2nd tries for 3rd, SAFE, throw by RF made at trailing runner, OUT! 9-6
Top of the 2nd over - 0 runs, 1 hit, 0 errors, 1 left on base; Chicago 0 - Seattle 0
BOTTOM OF THE 2ND
Seattle Mariners batting - Pitching for Chicago White Sox : RHP Brad Peacock
Batting: RHB Willians Astudillo 0-0: Ball
1-0: Ball
2-0: Foul Ball, location: 2F
2-1: Foul Ball, location: 2F
2-2: Fly out, F4 (Popup, 4, EV 56.3 MPH)
Batting: SHB Leury Garcia 0-0: Ball
1-0: Foul Ball, location: 2F
1-1: Ball
2-1: Ground out 4-3 (Groundball, 4, EV 86.9 MPH)
Batting: LHB Brandon Nimmo 0-0: Swinging Strike
0-1: Called Strike
0-2: Strikes out looking
Bottom of the 2nd over - 0 runs, 0 hits, 0 errors, 0 left on base; Chicago 0 - Seattle 0
TOP OF THE 3RD
Chicago White Sox batting - Pitching for Seattle Mariners : RHP Luis M. Castillo
Batting: RHB A.J. Simcox 0-0: Ball
1-0: Ball
2-0: Ball
3-0: Called Strike
3-1: Foul Ball, location: 2F
3-2: Base on Balls
Batting: RHB Jose Trevino 0-0: Called Strike
0-1: Ball
1-1: Grounds into double play, 6-4-3 (Groundball, 6, EV 82.5 MPH)
Batting: LHB Zack Granite 0-0: Fly out, F7 (Flyball, 7S, EV 81.3 MPH)
Top of the 3rd over - 0 runs, 0 hits, 0 errors, 0 left on base; Chicago 0 - Seattle 0
BOTTOM OF THE 3RD
Seattle Mariners batting - Pitching for Chicago White Sox : RHP Brad Peacock
Batting: RHB Elvis Andrus 0-0: Ball
1-0: Called Strike
1-1: Foul Ball, location: 2F
1-2: Ball
2-2: SINGLE (Line Drive, 9S, EV 103.1 MPH)
Batting: LHB Joey Votto 0-0: Ball
1-0: Ball
Elvis Andrus steals 2nd base
2-0: Ball
3-0: Called Strike
3-1: Sac Bunt to 3S - play at first, batter OUT! 3-1
Elvis Andrus to third
Batting: RHB Mookie Betts 0-0: Ground out 6-3 (Groundball, 56, EV 87.5 MPH)
Elvis Andrus scores
Batting: RHB Manny Machado 0-0: Fly out, F6 (Popup, 6MS, EV 65.0 MPH)
Bottom of the 3rd over - 1 run, 1 hit, 0 errors, 0 left on base; Chicago 0 - Seattle 1
TOP OF THE 4TH
Chicago White Sox batting - Pitching for Seattle Mariners : RHP Luis M. Castillo
Batting: LHB Andrew Toles 0-0: Called Strike
0-1: Fly out, F8 (Flyball, 8RXD, EV 97.5 MPH)
Batting: LHB Jason Heyward 0-0: Ball
1-0: Ball
2-0: Foul Ball, location: 2F
2-1: Ground out U3 (Groundball, 3L, EV 97.5 MPH)
Batting: RHB Drew Jackson 0-0: Called Strike
0-1: Foul Ball, location: 2F
0-2: Ball
1-2: Foul Ball, location: 2F
1-2: Foul Ball, location: 2F
1-2: Ball
2-2: Ball
3-2: Foul Ball, location: 2F
3-2: Foul Ball, location: 2F
3-2: Base on Balls
Batting: LHB Nick Gordon 0-0: Called Strike
0-1: Foul Ball, location: 2F
0-2: Strikes out looking
Top of the 4th over - 0 runs, 0 hits, 0 errors, 1 left on base; Chicago 0 - Seattle 1
BOTTOM OF THE 4TH
Seattle Mariners batting - Pitching for Chicago White Sox : RHP Brad Peacock
Batting: RHB Mitch Haniger 0-0: Called Strike
0-1: SINGLE (Line Drive, 78S, EV 96.9 MPH)
Batting: RHB Brian Dozier 0-0: Sac Bunt to 13S - play at first, batter OUT! 1-3
Mitch Haniger to second
Batting: RHB Willians Astudillo 0-0: Fly out, F9 (Flyball, 9LM, EV 86.3 MPH)
Batting: SHB Leury Garcia 0-0: Ball
1-0: Foul Ball, location: 2F
1-1: Fly out, F8 (Flyball, 78D, EV 102.5 MPH)
Bottom of the 4th over - 0 runs, 1 hit, 0 errors, 1 left on base; Chicago 0 - Seattle 1
TOP OF THE 5TH
Chicago White Sox batting - Pitching for Seattle Mariners : RHP Luis M. Castillo
Batting: LHB Charlie Tilson 0-0: Ball
1-0: SINGLE (Line Drive, 89S, EV 105.0 MPH)
Batting: RHB Wilfredo Tovar 0-0: Ball
Charlie Tilson steals 2nd base
1-0: Fly out, F9 (Flyball, 89D, EV 86.9 MPH)
Runner from 2nd tags up, SAFE at 3rd, no throw by RF
Batting: RHB A.J. Simcox 0-0: Called Strike
0-1: Ball
1-1: Ball
2-1: Ball
3-1: Called Strike
3-2: Strikes out looking
Batting: RHB Jose Trevino 0-0: Ball
1-0: Ball
2-0: Ball
3-0: Base on Balls
Batting: LHB Zack Granite 0-0: Called Strike
0-1: Ball
1-1: TRIPLE (Flyball, 89XD, EV 100.6 MPH)
Charlie Tilson scores
Jose Trevino scores
Batting: LHB Andrew Toles 0-0: Called Strike
0-1: Ball
1-1: Swinging Strike
1-2: Strikes out looking
Top of the 5th over - 2 runs, 2 hits, 0 errors, 1 left on base; Chicago 2 - Seattle 1
BOTTOM OF THE 5TH
Seattle Mariners batting - Pitching for Chicago White Sox : RHP Brad Peacock
Batting: LHB Brandon Nimmo 0-0: Called Strike
0-1: Called Strike
0-2: Ball
1-2: Fly out, F8 (Flyball, 78M, EV 86.9 MPH)
Batting: RHB Elvis Andrus 0-0: Called Strike
0-1: Ball
1-1: Called Strike
1-2: Strikes out swinging
Batting: LHB Joey Votto 0-0: Called Strike
0-1: Foul Ball, location: 2F
0-2: Foul Ball, location: 2F
0-2: Foul Ball, location: 2F
0-2: SINGLE (Groundball, 4MD, EV 101.3 MPH)
Batting: RHB Mookie Betts 0-0: Ball
Passed Ball!
Joey Votto to second
1-0: Called Strike
1-1: Ground out 6-3 (Groundball, 6, EV 90.0 MPH)
Bottom of the 5th over - 0 runs, 1 hit, 0 errors, 1 left on base; Chicago 2 - Seattle 1
TOP OF THE 6TH
Chicago White Sox batting - Pitching for Seattle Mariners : RHP Luis M. Castillo
Pitching: RHP John Brebbia
Batting: LHB Jason Heyward 0-0: Ball
1-0: Ball
2-0: Foul Ball, location: 2F
2-1: Foul Ball, location: 2F
2-2: DOUBLE (Flyball, 8RXD, EV 91.3 MPH)
Batting: RHB Drew Jackson 0-0: Ball
1-0: Called Strike
1-1: Called Strike
1-2: Ball
2-2: Ball
3-2: SINGLE (Flyball, 5D, EV 100.0 MPH)
Jason Heyward to third
Batting: LHB Nick Gordon 0-0: Swinging Strike
0-1: Called Strike
0-2: Strikes out swinging
Batting: LHB Charlie Tilson 0-0: Ball
1-0: Foul Ball, location: 2F
1-1: Ball
2-1: Grounds into double play, 6-4-3 (Groundball, 6, EV 85.6 MPH)
Top of the 6th over - 0 runs, 2 hits, 0 errors, 1 left on base; Chicago 2 - Seattle 1
BOTTOM OF THE 6TH
Seattle Mariners batting - Pitching for Chicago White Sox : RHP Brad Peacock
Pitching: RHP Yusmeiro Petit
Batting: RHB Manny Machado 0-0: Reached on error, E4 (Groundball, 4, EV 93.1 MPH)
Batting: RHB Mitch Haniger 0-0: Called Strike
0-1: Ball
1-1: Ball
2-1: Called Strike
2-2: Foul Ball, location: 2F
2-2: Ball
3-2: Ground out 6-3 (Groundball, 6, EV 79.4 MPH)
Batting: RHB Brian Dozier 0-0: Foul Ball, location: 2F
0-1: DOUBLE (Flyball, 78D, EV 101.9 MPH)
Manny Machado scores
Batting: RHB Willians Astudillo 0-0: Ball
1-0: Ball
2-0: Foul Ball, location: 2F
2-1: Foul Ball, location: 2F
2-2: Fly out, F6 (Line Drive, 6, EV 69.4 MPH)
Batting: SHB Leury Garcia 0-0: Ball
1-0: Ground out 4-3 (Groundball, 34, EV 103.1 MPH)
Bottom of the 6th over - 1 run, 1 hit, 1 error, 1 left on base; Chicago 2 - Seattle 2
TOP OF THE 7TH
Chicago White Sox batting - Pitching for Seattle Mariners : RHP John Brebbia
Pitching: LHP Tony Watson
Batting: RHB Wilfredo Tovar 0-0: Ball
1-0: Called Strike
1-1: Foul Ball, location: 2F
1-2: Foul Ball, location: 2F
1-2: Foul Ball, location: 2F
1-2: Ground out 6-3 (Groundball, 56, EV 78.1 MPH)
Batting: RHB A.J. Simcox 0-0: Ball
1-0: Ball
2-0: Fly out, F3 (Line Drive, 3, EV 76.9 MPH)
Batting: RHB Jose Trevino 0-0: Ball
1-0: Foul Ball, location: 2F
1-1: Called Strike
1-2: Strikes out swinging
Top of the 7th over - 0 runs, 0 hits, 0 errors, 0 left on base; Chicago 2 - Seattle 2
BOTTOM OF THE 7TH
Seattle Mariners batting - Pitching for Chicago White Sox : RHP Yusmeiro Petit
Pitching: RHP Trey Cochran-Gill
Batting: LHB Brandon Nimmo 0-0: Foul Ball, location: 2F
0-1: Ball
1-1: Swinging Strike
1-2: Strikes out swinging
Batting: RHB Elvis Andrus 0-0: Ball
1-0: Called Strike
1-1: Ball
2-1: SINGLE (Line Drive, 3D, EV 101.9 MPH)
Batting: LHB Joey Votto 0-0: Called Strike
0-1: Ball
1-1: Foul Ball, location: 2F
1-2: Fly out, F7 (Flyball, 78S, EV 89.4 MPH)
Batting: RHB Mookie Betts 0-0: Called Strike
0-1: Swinging Strike
0-2: Strikes out swinging
Bottom of the 7th over - 0 runs, 1 hit, 0 errors, 1 left on base; Chicago 2 - Seattle 2
TOP OF THE 8TH
Chicago White Sox batting - Pitching for Seattle Mariners : LHP Tony Watson
Pitching: RHP Dan Altavilla
Batting: LHB Zack Granite 0-0: Foul Ball, location: 2F
0-1: Ground out 5-3 (Groundball, 56S, EV 66.9 MPH)
Batting: LHB Andrew Toles 0-0: Called Strike
0-1: Foul Ball, location: 2F
0-2: Foul Ball, location: 2F
0-2: Ball
1-2: Ball
2-2: Foul Ball, location: 2F
2-2: Strikes out looking
Batting: LHB Jason Heyward 0-0: Ball
1-0: Ball
2-0: Called Strike
2-1: Swinging Strike
2-2: Strikes out swinging
Top of the 8th over - 0 runs, 0 hits, 0 errors, 0 left on base; Chicago 2 - Seattle 2
BOTTOM OF THE 8TH
Seattle Mariners batting - Pitching for Chicago White Sox : RHP Trey Cochran-Gill
Pitching: LHP Blake Weiman
Batting: RHB Manny Machado 0-0: Ball
1-0: Called Strike
1-1: Foul Ball, location: 2F
1-2: Fly out, F8 (Flyball, 78D, EV 103.1 MPH)
Batting: RHB Mitch Haniger 0-0: Ball
1-0: Ball
2-0: Foul Ball, location: 2F
2-1: Fly out, F8 (Flyball, 8LXD, EV 105.6 MPH)
Batting: RHB Brian Dozier 0-0: Ball
1-0: Called Strike
1-1: Foul Ball, location: 2F
1-2: Foul Ball, location: 2F
1-2: Foul Ball, location: 2F
1-2: Fly out, F8 (Flyball, 8LD, EV 88.1 MPH)
Bottom of the 8th over - 0 runs, 0 hits, 0 errors, 0 left on base; Chicago 2 - Seattle 2
TOP OF THE 9TH
Chicago White Sox batting - Pitching for Seattle Mariners : RHP Dan Altavilla
Pitching: LHP Brad Hand
Batting: RHB Drew Jackson 0-0: Swinging Strike
0-1: Ball
1-1: Ball
2-1: Ball
3-1: Foul Ball, location: 2F
3-2: Strikes out swinging
Batting: LHB Nick Gordon 0-0: Foul Ball, location: 2F
0-1: Ball
1-1: Called Strike
1-2: Strikes out swinging
Batting: LHB Charlie Tilson 0-0: Ball
1-0: Called Strike
1-1: Swinging Strike
1-2: Strikes out swinging
Top of the 9th over - 0 runs, 0 hits, 0 errors, 0 left on base; Chicago 2 - Seattle 2
BOTTOM OF THE 9TH
Seattle Mariners batting - Pitching for Chicago White Sox : LHP Blake Weiman
Pitching: RHP Bryan Shaw
Batting: RHB Willians Astudillo 0-0: SINGLE (Groundball, 4D, EV 105.0 MPH)
Batting: SHB Leury Garcia 0-0: Called Strike
0-1: Grounds into double play, 4-6-3 (Groundball, 4D, EV 103.8 MPH)
Batting: LHB Brandon Nimmo 0-0: Fly out, F8 (Line Drive, 8LM, EV 98.1 MPH)
Bottom of the 9th over - 0 runs, 1 hit, 0 errors, 0 left on base; Chicago 2 - Seattle 2
TOP OF THE 10TH
Chicago White Sox batting - Pitching for Seattle Mariners : LHP Brad Hand
Batting: RHB Wilfredo Tovar 0-0: Called Strike
0-1: Ball
1-1: Called Strike
1-2: Ball
2-2: Strikes out swinging
Batting: RHB A.J. Simcox 0-0: Foul Ball, location: 2F
0-1: Ball
1-1: Swinging Strike
1-2: Foul Ball, location: 2F
1-2: Strikes out swinging
Pitching: RHP Chris Devenski
Batting: RHB Jose Trevino 0-0: Ball
1-0: Swinging Strike
1-1: Ball
2-1: Swinging Strike
2-2: Foul Ball, location: 2F
2-2: Foul Ball, location: 2F
2-2: Ball
3-2: Strikes out looking
Top of the 10th over - 0 runs, 0 hits, 0 errors, 0 left on base; Chicago 2 - Seattle 2
BOTTOM OF THE 10TH
Seattle Mariners batting - Pitching for Chicago White Sox : RHP Bryan Shaw
Pitching: RHP Addison Reed
Batting: RHB Elvis Andrus 0-0: Fly out, F2 (Popup, 23F, EV 89.4 MPH)
Batting: LHB Joey Votto 0-0: Ball
1-0: Swinging Strike
1-1: Ball
2-1: Swinging Strike
2-2: Strikes out swinging
Batting: RHB Mookie Betts 0-0: Ball
1-0: Called Strike
1-1: Swinging Strike
1-2: Foul Ball, location: 2F
1-2: Strikes out looking
Bottom of the 10th over - 0 runs, 0 hits, 0 errors, 0 left on base; Chicago 2 - Seattle 2
TOP OF THE 11TH
Chicago White Sox batting - Pitching for Seattle Mariners : RHP Chris Devenski
Batting: LHB Zack Granite 0-0: Ball
1-0: SINGLE (Line Drive, 56, EV 95.0 MPH)
Batting: LHB Andrew Toles 0-0: Called Strike
0-1: SINGLE (Line Drive, 9S, EV 98.8 MPH)
Zack Granite to second
Runner from 2nd tries for 3rd, SAFE, throw by RF made to third
Batting: LHB Jason Heyward 0-0: Ball
1-0: Called Strike
1-1: Foul Ball, location: 2F
1-2: Ball
2-2: Foul Ball, location: 2F
2-2: Foul Ball, location: 2F
2-2: Foul Ball, location: 2F
2-2: Strikes out looking
Batting: RHB Drew Jackson 0-0: Ball
Andrew Toles steals 2nd base (no throw)
1-0: Called Strike
1-1: Foul Ball, location: 2F
1-2: Ball
2-2: Strikes out swinging
Pitching: RHP Ryan Brasier
Batting: LHB Nick Gordon 0-0: Ball
1-0: Foul Ball, location: 2F
1-1: Ball
2-1: Foul Ball, location: 2F
2-2: Foul Ball, location: 2F
2-2: Strikes out swinging
Top of the 11th over - 0 runs, 2 hits, 0 errors, 2 left on base; Chicago 2 - Seattle 2
BOTTOM OF THE 11TH
Seattle Mariners batting - Pitching for Chicago White Sox : RHP Addison Reed
Batting: RHB Manny Machado 0-0: Ball
1-0: Ball
2-0: Called Strike
2-1: Ball
3-1: Foul Ball, location: 2F
3-2: SOLO HOME RUN (Flyball, 7D, EV 104.4 MPH), Distance : 394 ft
Bottom of the 11th over - 1 run, 1 hit, 0 errors, 0 left on base; Chicago 2 - Seattle 3
Wednesday, October 21st, 2020 - OOTP Baseball 21.6 Build 83